 Dungeon Crawl Stone Soup version 0.21.1-1-g345015f (webtiles) character file.

6 shakethe the Chopper (level 1, -1/16 HPs)
             Began as a Demonspawn Gladiator on Feb 25, 2018.
             Slain by a dart slug (3 damage)
             ... on level 1 of the Dungeon.
             The game lasted 00:00:10 (68 turns).

shakethe the Chopper (Demonspawn Gladiator)           Turns: 68, Time: 00:00:12

Health: -1/16      AC:  4    Str: 14    XL:     1   Next: 75%
Magic:  1/1        EV: 12    Int:  9    God:
Gold:   24         SH:  0    Dex: 14    Spells: 0/0 levels left

rFire    . . .     SeeInvis .   a - +0 war axe
rCold    . . .     Gourm    .   (no shield)
rNeg     . . .     Faith    .   b - +0 leather armour
rPois    .         Spirit   .   c - +0 helmet
rElec    .         Reflect  .   (no cloak)
rCorr    .         Harm     .   (no gloves)
MR       .....                  (no boots)
Stlth    +.........             (no amulet)
HPRegen  0.05/turn              (no ring)
MPRegen  0.07/turn              (no ring)

@: no status effects
A: no striking features
a: no special abilities


You were on level 1 of the Dungeon.
You were not hungry.

You visited 1 branch of the dungeon, and saw 1 of its levels.

You collected 24 gold pieces.

Inventory:

Hand Weapons
 a - a +0 war axe (weapon)
Missiles
 d - 3 throwing nets {=f, !d}
Armour
 b - a +0 leather armour (worn)
 c - a +0 helmet (worn)
Potions
 e - 2 potions of lignification {unknown}
Comestibles
 f - a ration


   Skills:
 + Level 2.1 Fighting
 * Level 3.0 Axes
 - Level 1.7 Throwing
 - Level 2.6 Dodging


You couldn't memorise any spells.
You didn't know any spells.

Dungeon Overview and Level Annotations

Branches:
Dungeon (1/15)

Altars:


Message History

No target in view!
No target in view!
No target in view!
No target in view!
No target in view!
A bat and a hobgoblin come into view.
The hobgoblin shouts!
Found 11 gold pieces and 9 stones.
Found a stone staircase leading down.
A jackal comes into view.
A jackal comes into view.
The jackal barks!
The jackal barks!
You hear a shout!
You barely miss the bat. The bat barely misses you.
The bat hits you but does no damage. The jackal bites you.
A hobgoblin comes into view.
You take 3 damage, and have 13/16 hp.
You closely miss the bat. You barely miss the jackal.
The bat hits you but does no damage.
The jackal bites you but does no damage.
You slash the hobgoblin!
You kill the hobgoblin!
You completely miss the jackal. The jackal closely misses you.
The bat closely misses you. The jackal barely misses you.
You barely miss the jackal. You barely miss the bat.
You barely miss the jackal. The bat barely misses you.
The jackal bites you but does no damage.
The bat hits you. The jackal closely misses you. The jackal barely misses you.
You take 1 damage, and have 12/16 hp.
You slash the jackal!
You kill the jackal!
You hit the jackal. The bat closely misses you. The jackal barely misses you.
The jackal bites you.
You take 3 damage, and have 9/16 hp.
You are too injured to fight recklessly!
You are too injured to fight recklessly!
You are too injured to fight recklessly!
You are too injured to fight recklessly!
You are too injured to fight recklessly!
You are too injured to fight recklessly!
You are too injured to fight recklessly!
You are too injured to fight recklessly!
You are too injured to fight recklessly!
You are too injured to fight recklessly!
You are too injured to fight recklessly!
You are too injured to fight recklessly!
You are too injured to fight recklessly!
You are too injured to fight recklessly!
You are too injured to fight recklessly!
You are too injured to fight recklessly!
You are too injured to fight recklessly!
The bat barely misses you. The jackal bites you.
Found a stone staircase leading down.
A dart slug comes into view.
You take 1 damage, and have 8/16 hp.
The bat misses you.
You are too injured to fight recklessly!
You are too injured to fight recklessly!
You are too injured to fight recklessly!
You are too injured to fight recklessly!
You are too injured to fight recklessly!
You are too injured to fight recklessly!
You are too injured to fight recklessly!
You are too injured to fight recklessly!
You are too injured to fight recklessly!
You are too injured to fight recklessly!
You are too injured to fight recklessly!
You are too injured to fight recklessly!
You are too injured to fight recklessly!
You are too injured to fight recklessly!
You barely miss the jackal. The jackal closely misses you.
The jackal barely misses you.
You slash the jackal!
You kill the jackal!
The bat closely misses you.
You hit the hobgoblin. The hobgoblin hits you.
You take 3 damage, and have 5/16 hp.
You closely miss the hobgoblin. The hobgoblin completely misses you.
The hobgoblin hits you.
* * * LOW HITPOINT WARNING * * *
You take 3 damage, and have 2/16 hp.
You slash the hobgoblin!
You kill the hobgoblin!
Your Axes skill increases to level 3!
The bat closely misses you. The bat closely misses you.
You see here a hobgoblin corpse.
You slash the bat!
You kill the bat!
You are too injured to fight recklessly!
The dart slug bites you but does no damage.
You see here a hobgoblin corpse.
You barely miss the dart slug.
The dart slug bites you but does no damage.
You barely miss the dart slug. The dart slug misses you.
You hit the dart slug.
The dart slug bites you but does no damage.
You hit the dart slug. The dart slug barely misses you.
Your leather armour prevents you from hitting the dart slug.
The dart slug bites you.
You die...

####.### ##.......##
###...######...###
##.......#########
#...........##...##
#....⌠....##...##.#
#.........###.###.##
##.......##...(....#
###...###......####
#######@########
$.....w†........
......).........
..........#.####
........#...#
(^....#....>...
......###.#####
...... .# .....> ##


You could see a dart slug.

Vanquished Creatures
  2 hobgoblins (D:1)
  2 jackals (D:1)
  A bat (D:1)
5 creatures vanquished.

Notes
Turn   | Place    | Note
-------+----------+-------------------------------------------
     0 | D:1      | shakethe the Demonspawn Gladiator began the quest for the Orb.
     0 | D:1      | Reached XP level 1. HP: 16/16 MP: 1/1
    58 | D:1      | HP: 2/16 [hobgoblin (3)]
    59 | D:1      | Reached skill level 3 in Axes
    68 | D:1      | Slain by a dart slug

Skill      XL: |  1 |
---------------+----+-----
Axes           | 3 |  3.0
Fighting       | |  2.1
Throwing       | |  1.7
Dodging        | |  2.6

Action                   || total
-------------------------++-------
Melee: War axe           ||    16
Armor: Leather armour    ||     7
Dodge: Dodged            ||    19

Vault maps used:
D:1:      dpeg_arrival_three_same_balls, minmay_tromino_v4_b

Table legend:
 A = Turns spent in this place as a percentage of turns spent in the entire game.
 B = Non-inter-level travel turns spent in this place as a percentage of non-inter-level travel turns spent in the entire game.
 C = Inter-level travel turns spent in this place as a percentage of turns spent in this place.
 D = Turns resting spent in this place as a percentage of non-inter-level travel turns spent in this place.
 E = Turns spent auto-exploring this place as a percentage of non-inter-level travel turns spent in this place.
 F = Non-inter-level travel turns spent in this place divided by the number of levels of this place that you've seen.
                   A       B       C       D       E      F
               +-------+-------+-------+-------+-------+----------------------
         Total | 100.0 | 100.0 |   0.0 |   0.0 |  63.2 |  68.0
       Dungeon | 100.0 | 100.0 |   0.0 |   0.0 |  63.2 |  68.0
               +-------+-------+-------+-------+-------+----------------------

Table legend:
 A = Kills in this place as a percentage of kills in entire the game.
 B = Kills by you in this place as a percentage of kills by you in the entire game.
 C = Kills by friends in this place as a percentage of kills by friends in the entire game.
 D = Other kills in this place as a percentage of other kills in the entire game.
 E = Experience gained in this place as a percentage of experience gained in the entire game.
 F = Experience gained in this place divided by the number of levels of this place that you have seen.
                   A       B       C       D       E      F
               +-------+-------+-------+-------+-------+----------------------
         Total | 100.0 | 100.0 |   N/A |   N/A | 100.0 |   9.0
       Dungeon | 100.0 | 100.0 |   N/A |   N/A | 100.0 |   9.0
               +-------+-------+-------+-------+-------+----------------------
